 Dungeon Crawl Stone Soup version 0.17-a0-1504-gb7d9117 (webtiles) character file.

1438 HEYYEYAAE the Ruffian (level 8, 0/78 HPs)
             Began as a Troll Monk on July 7, 2015.
             Slain by urechis's ghost (31 damage)
             ... on level 6 of the Dungeon.
             The game lasted 00:11:13 (4336 turns).

HEYYEYAAE the Ruffian (Troll Monk)                  Turns: 4336, Time: 00:11:14

Health: 0/78       AC:  6    Str: 28    XL:     8   Next: 45%
Magic:  8/8        EV:  9    Int:  6    God:
Gold:   250        SH:  9    Dex: 12    Spells: 0 memorised, 7 levels left

rFire  . . .     SeeInvis .       - Unarmed
rCold  + . .     Clarity  .     a - +0 robe
rNeg   . . .     SustAt   .     h - +0 shield
rPois  .         Gourm    +     (helmet restricted)
rElec  .         Spirit   .     x - +0 cloak
rCorr  .         Warding  .     (gloves unavailable)
rMut   .         Stasis   .     (boots unavailable)
MR     .....                    q - amulet of rage
Stlth  +.........               j - +6 ring of strength
                                i - ring of protection from cold

@: very slightly contaminated, invisible, not resistant to hostile enchantments,
very unstealthy
A: unfitting armour, claws 3, fast metabolism 3, gourmand, regeneration 2,
shaggy fur 1, tough skin 2
a: Evoke Berserk Rage


You were on level 6 of the Dungeon.
You were very full.

You visited 1 branch of the dungeon, and saw 6 of its levels.

You collected 250 gold pieces.

Inventory:

Armour
 a - a +0 robe (worn)
 h - a +0 shield (worn)
 x - a +0 cloak (worn)
Jewellery
 i - a ring of protection from cold (left claw)
 j - a +6 ring of strength (right claw)
 q - an amulet of rage (around neck)
Scrolls
 f - 2 scrolls of remove curse
 g - 4 scrolls of noise
 k - 4 scrolls of recharging
 l - 3 scrolls of enchant armour
 r - 2 scrolls of teleportation {unknown}
 s - 3 scrolls of fog
 u - a scroll of fear {unknown}
 v - a scroll of immolation {unknown}
 y - 3 scrolls of enchant weapon {unknown}
 A - 2 scrolls of random uselessness {unknown}
 C - a scroll of magic mapping {unknown}
Potions
 d - a potion of might {unknown}
 e - a potion of invisibility
 m - a potion of degeneration {unknown}
 n - a potion of resistance {unknown}
 B - a potion of mutation {unknown}
Books
 t - a book of Annihilations

   Spells                             Type                      Level
   a - Poison Arrow                   Conjuration/Poison           6
   b - Chain Lightning                Conjuration/Air              8
   c - Lehudib's Crystal Spear        Conjuration/Earth            8
   d - Glaciate                       Conjuration/Ice              9
   e - Fire Storm                     Conjuration/Fire             9
 w - a book of Unlife

   Spells                             Type                      Level
   a - Recall                         Summoning/Translocation      3
   b - Animate Dead                   Necromancy                   4
   c - Control Undead                 Necromancy                   4
   d - Cigotuvi's Embrace             Necromancy                   5
   e - Death Channel                  Necromancy                   6
   f - Simulacrum                     Ice/Necromancy               6
Comestibles
 b - 4 bread rations
 c - 5 beef jerkies
 o - 2 chunks of flesh
 p - a meat ration


   Skills:
 + Level 4.3 Fighting
 + Level 3.5 Armour
 + Level 4.1 Dodging
 - Level 1.1 Stealth
 + Level 3.4 Shields
 + Level 5.9 Unarmed Combat
 + Level 2.6 Evocations


You had 7 spell levels left.
You didn't know any spells.

Dungeon Overview and Level Annotations

Branches:
Dungeon (6/15)
 Temple: D:4-7

Altars:
Ashenzari
Elyvilon
Kikubaaqudgha
Okawaru
Vehumet
The Shining One

Annotations:
D:6 urechis's ghost, experienced OgGl


Innate Abilities, Weirdness & Mutations

You are too large for most types of armour.
You have claws for hands.
Your metabolism is lightning-fast.
You like to eat raw meat.
You heal very quickly.
You are covered in fur (AC +1).
You have very tough skin (AC +2).


Message History

Use which ability? (? or * to list)
You fail to use your ability.
Urechis's ghost hits you!!
Unknown command.
Drink which item? (? for menu, Esc to quit)
Okay, then.
Read which item? (? for menu, Esc to quit)
Okay, then.
Drink which item? (? for menu, Esc to quit)
You fade into invisibility!
Urechis's ghost hits you!!
* * * LOW HITPOINT WARNING * * *
You are very lightly contaminated with residual magic.
Unknown command.
Drink which item? (? for menu, Esc to quit)
Okay, then.
Drink which item? (? for menu, Esc to quit)
It was a potion of curing.
You feel better. You block urechis's ghost's attack.
Drink which item? (? for menu, Esc to quit)
You feel better. Urechis's ghost hits you!!
You die...

###......#
#...##.#
##....##
###......###
##.###
##..........#
#.).#
#.>##.#.#.#.#
##..##
#.#####.#.#.#
#....###.#
##.#.##
#....<..(#
#.###.#
.<......#######
##.#.##
###.....# #@#
#.#.#.#
#......# #W#
##.#.##
...##..## ##o#
#.###.# ###
#..# #..#
##.#.##
#########..#
#.#.#.#
.>......<..#
##.#.##
######....#
#.###.# ###
####..#..#
##.#.## ..#####
#...>#...#
#.#.#.#


You could see urechis's ghost and an orc.

Vanquished Creatures
  The ghost of PeterLawrence the Cudgeler, an average GrFi (D:4)
  4 ogres
  The ghost of urechis the Ruffian, an average VSMo (D:3)
  A scorpion (D:4)
  2 crimson imps
  4 orc priests
  A hound (D:5)
  3 jellies
  Crazy Yiuf (D:3)
  2 iguanas
  5 orc wizards
  4 worker ants
  A hound zombie (D:5)
  A hound skeleton (D:4)
  6 adders
  An ooze (D:1)
  3 worms (D:2)
  A giant gecko (D:5)
  22 orcs
  4 bats
  A bat skeleton (D:5)
  A giant cockroach (D:3)
  8 hobgoblins
  3 jackals (D:6)
  5 kobolds
  A quokka (D:3)
  A ball python (D:5)
  2 giant gecko skeletons
  2 giant newts
  6 goblins
  A goblin skeleton (D:4)
  A goblin zombie (D:4)
  A hobgoblin zombie (D:4)
  2 kobold skeletons (D:4)
  A kobold zombie (D:4)
  An orc zombie (D:4)
  11 rats
  A fungus (D:3)
117 creatures vanquished.

Notes
Turn   | Place    | Note
--------------------------------------------------------------
     0 | D:1      | HEYYEYAAE the Troll Monk began the quest for the Orb.
     0 | D:1      | Reached XP level 1. HP: 22/22 MP: 0/0
   306 | D:1      | Reached XP level 2. HP: 29/29 MP: 1/1
   655 | D:2      | Found an ancient bone altar of Kikubaaqudgha.
   887 | D:2      | Reached skill level 1 in Armour
   887 | D:2      | Reached XP level 3. HP: 36/36 MP: 2/2
  1668 | D:3      | Reached skill level 1 in Shields
  1668 | D:3      | Reached XP level 4. HP: 39/44 MP: 3/3
  1839 | D:3      | Noticed urechis's ghost (average VSMo)
  1850 | D:3      | Killed urechis's ghost
  1850 | D:3      | Reached XP level 5. HP: 53/53 MP: 4/4
  2031 | D:3      | Noticed Crazy Yiuf
  2037 | D:3      | Killed Crazy Yiuf
  2143 | D:3      | Found a radiant altar of Vehumet.
  2143 | D:3      | Found a white marble altar of Elyvilon.
  2143 | D:3      | Found an iron altar of Okawaru.
  2263 | D:4      | Found a glowing golden altar of the Shining One.
  2274 | D:4      | Reached skill level 5 in Unarmed Combat
  2274 | D:4      | Reached XP level 6. HP: 57/61 MP: 5/5
  2336 | D:4      | Reached skill level 1 in Evocations
  2496 | D:4      | Noticed an ogre
  2508 | D:4      | Killed an ogre
  2679 | D:4      | Reached XP level 7. HP: 67/67 MP: 6/6
  2711 | D:4      | Noticed an ogre
  2719 | D:4      | Killed an ogre
  2799 | D:4      | Noticed PeterLawrence's ghost (average GrFi)
  2852 | D:5      | Entered Level 5 of the Dungeon
  2879 | D:4      | Killed PeterLawrence's ghost
  3457 | D:5      | Found a shattered altar of Ashenzari.
  3674 | D:5      | Reached XP level 8. HP: 78/78 MP: 8/8
  4247 | D:6      | Noticed urechis's ghost (experienced OgGl)
  4336 | D:6      | Slain by urechis's ghost

Vault maps used:
D:1:      dpeg_arrival_another_circle
D:2:      kiku_gazebo_pond_becter, serial_bayou_lagoon_b
D:3:      gammafunk_temple_overflow_forgotten, first_bread, lemuel_flame_loot_1,
          uniq_crazy_yiuf_cottage
D:4:      nicolae_tso_besieged_by_evil
D:5:      lemuel_round_altar
D:6:      minmay_temple_entry_glassed_door, roderic_roman_lattice, kb_rosetta,
          uniq_edmund

Action                   |  1- 3 |  4- 6 |  7- 9 || total
-------------------------+-------+-------+-------++-------
Melee: Unarmed           |    82 |   126 |   159 ||   367
 Abil: Evoke Berserk Rag |       |     2 |     1 ||     3
  Use: Scroll            |     3 |     1 |     2 ||     6
       Potion            |       |       |     3 ||     3
 Stab: Sleeping          |     1 |     1 |     1 ||     3
  Eat: Chunk             |    16 |     9 |    16 ||    41
       Fruit             |     1 |       |     3 ||     4
       Beef jerky        |       |       |     1 ||     1
